 Dungeon Crawl Stone Soup version 0.29-a0-845-g6161e89988 (webtiles) character file.

Game seed: 5904641416407593043

138 mathmaestro the Grave Robber (level 5, 8/38 HPs)
             Began as a Demonspawn Necromancer on July 15, 2022.
             Quit the game on level 3 of the Dungeon.
             The game lasted 00:06:53 (2558 turns).

mathmaestro the Grave Robber (DsNe)                 Turns: 2558, Time: 00:06:54

Health: 8/38       AC:  5    Str:  8    XL:     5   Next: 1%
Magic:  6/9        EV: 14    Int: 18    God:
Gold:   79         SH:  0    Dex: 20    Spells: 5/9 levels left

rFire   . . .      SeeInvis .   h - +0 whip
rCold   . . .      Faith    .   (no shield)
rNeg    . . .      Spirit   .   o - +0 leather armour
rPois   .          Reflect  .   (no helmet)
rElec   .          Harm     .   (no cloak)
rCorr   .          Rampage  .   i - +1 pair of gloves
Will    .....                   (no boots)
Stlth   +.........              m - amulet of magic regeneration
HPRegen 0.12/turn               d - +6 ring of dexterity
MPRegen 0.51/turn               (no ring)

@: brilliant, quite poisoned (8 -> 3), very slow
A: repulsion field 1, demonic magic 1
a: no special abilities


You were on level 3 of the Dungeon.
You visited 1 branch of the dungeon, and saw 3 of its levels.

You collected 79 gold pieces.

Inventory:

Hand Weapons
 h - a +0 whip (weapon)
 l - a +0 hand axe of flaming
Armour
 i - a +1 pair of gloves (worn)
 n - a +0 kite shield
 o - a +0 leather armour (worn)
Magical Staves
 a - a staff of fire
Jewellery
 d - a +6 ring of dexterity (left hand)
 m - an amulet of magic regeneration (around neck)
Scrolls
 c - a scroll of blinking
 k - a scroll of brand weapon
 p - 2 scrolls of enchant weapon {unknown}
Potions
 e - a potion of heal wounds {unknown}
 f - a potion of berserk rage {unknown}
 g - a potion of flight {unknown}
 j - 2 potions of brilliance


   Skills:
 + Level 1.7 Fighting
 + Level 1.4 Armour
 + Level 2.4 Dodging
 + Level 2.5 Stealth
 + Level 2.7 Spellcasting
 + Level 4.8 Necromancy


You had 5 spell levels left.
You knew the following spells:

 Your Spells              Type           Power      Damage    Failure   Level
a - Necrotise             Necr           100%       1d9       3%          1
b - Vampiric Draining     Necr           29%        2d8       10%         3

Your spell library contained the following spells:

 Spells                   Type           Power      Damage    Failure   Level
 Animate Dead             Necr           29%        N/A       32%         4
 Conjure Flame            Conj/Fire      3%         6-21      56%         3
 Ignite Poison            Fire/Tmut/Pois 3%         N/A       56%         3
 Agony                    Necr           29%        N/A       65%         5
 Sticky Flame             Conj/Fire      3%         2d3       93%         4


Dungeon Overview and Level Annotations

Branches:
Dungeon (3/15)

Altars:
Yredelemnul


Innate Abilities, Weirdness & Mutations

You are surrounded by a mild repulsion field. (EV +2)
Spells you cast may paralyse adjacent enemies.


Message History

Aim: a worm (severely wounded, chance to affect: 84%)
The worm writhes in agony.
Your river rat skeleton barely misses the adder.
The adder bites your river rat skeleton.
Unknown command.
Casting: Necrotise (safe; 3% risk of failure)
Confirm with . or Enter, or press ? or * to list all spells.
Aiming: Necrotise (safe; 3% risk of failure)
Press: ? - help, Shift-Dir - straight line, f/p - worm
Aim: a worm (almost dead, chance to affect: 84%)
The worm barely resists.
The adder bites your river rat skeleton.
Your river rat skeleton closely misses the adder.
The worm bites you!
* * * LOW HITPOINT WARNING * * *
It was a potion of brilliance.
You feel clever all of a sudden.
The adder bites your river rat skeleton.
Your river rat skeleton is destroyed!
Magic courses through your body. The adder bites you.
* * * LOW HITPOINT WARNING * * *
You are lethally poisoned!
The adder poisons you!
The worm splashes around in the water.
Unknown command.
Casting: Necrotise (safe; 3% risk of failure)
Confirm with . or Enter, or press ? or * to list all spells.
The spell is quite dangerous to miscast (10% risk of failure)!
Continue anyway?
Aiming: Vampiric Draining (quite dangerous; 10% risk of failure)
Press: ? - help, Shift-Dir - straight line, f - adder, p - worm
Aim: an adder You feel a surge of power!
You draw life force from the adder!
You kill the adder!
You feel life coursing into your body.
* * * LOW HITPOINT WARNING * * *
You feel sick.
The worm splashes around in the water.
You have reached level 5!
Your demonic ancestry asserts itself...
A menacing aura infuses your magic.
Unknown command.
Are you sure you want to abandon this character and quit the game? (Confirm with "yes".)

#.###...#......# #..##
#.............## ##...#
#....≈........#####..§..
#..≈≈≈≈≈.≈.......)§§....
#####≈#≈#≈≈..##...§§≈≈≈≈
#≈≈≈≈≈≈≈≈≈......≈≈§≈≈≈.
#≈########......≈§_....
#≈≈≈Sw≈# ##..)..≈≈≈≈≈≈.
####≈#@# #......≈≈≈≈≈≈
#≈≈Sw#≈# #............
#≈##≈#≈# #.....#####.. #
SS#≈# ####### ### ≈##≈#
#≈ #≈≈ #≈ #≈# ## ###


You could see a worm and an adder.

Vanquished Creatures
  2 adders (D:3)
  2 gnolls (D:2)
  3 river rats (D:3)
  A worm (D:2)
  A dart slug (D:1)
  An orc (D:3)
  3 ball pythons
  2 bats
  3 endoplasms (D:1)
  A giant cockroach (D:3)
  6 goblins
  6 hobgoblins
  A quokka (D:2)
  4 frilled lizards
  3 kobolds
  4 rats
43 creatures vanquished.

Vanquished Creatures (collateral kills)
  A gnoll (D:2)
  A river rat (D:3)
  A worm (D:3)
  An orc (D:3)
  A frilled lizard (D:1)
5 creatures vanquished.

Grand Total: 48 creatures vanquished

Notes
Turn   | Place    | Note
-------+----------+-------------------------------------------
     0 | D:1      | mathmaestro the Demonspawn Necromancer began the quest for
                  | the Orb.
     0 | D:1      | Reached XP level 1. HP: 13/13 MP: 3/3
   488 | D:1      | Gained mutation: You are surrounded by a mild repulsion
                  | field. (EV +2) [demonic ancestry]
   488 | D:1      | Reached XP level 2. HP: 20/20 MP: 3/5
  1520 | D:2      | Reached skill level 1 in Fighting
  1520 | D:2      | Reached XP level 3. HP: 21/26 MP: 1/6
  1548 | D:2      | Reached skill level 1 in Armour
  1969 | D:2      | Learned a level 3 spell: Vampiric Draining
  2150 | D:2      | Reached XP level 4. HP: 32/32 MP: 5/7
  2376 | D:3      | Found a basalt altar of Yredelemnul.
  2558 | D:3      | Gained mutation: Spells you cast may paralyse adjacent
                  | enemies. [demonic ancestry]
  2558 | D:3      | Reached XP level 5. HP: 8/38 MP: 6/9
  2558 | D:3      | Quit the game

Illustrated notes

Levels and vault maps discovered:
D:1:      ncdulo_halloftheorcs, layout_basic, serial_aquarium,
          aquarium_bridge_island_small [aquarium_subvault_small_water,
          aquarium_subvault_bridge, aquarium_subvault_wall,
          aquarium_subvault_bridge, aquarium_subvault_bridge],
          aquarium_bridge_square [aquarium_subvault_wall,
          aquarium_subvault_balcony, aquarium_subvault_bridge,
          aquarium_subvault_window], aquarium_window_2, aquarium_window_corner,
          aquarium_view_2b, aquarium_view_2e, aquarium_balcony_3a,
          aquarium_pool_split
D:2:      layout_basic
D:3:      layout_rooms, mainiacjoe_overflow_catwalk, nicolae_uskayaw_dance_hall,
          lightli_sewer_entry_pipes

Skill      XL: |  1  2  3 |
---------------+----------+-----
Stealth        | 2 |  2.5
Fighting       | 1 |  1.7
Dodging        | 2 |  2.4
Armour         | 1 |  1.4
Spellcasting   | |  2.7
Necromancy     | |  4.8

Action                   |  1- 3 |  4- 6 || total
-------------------------+-------+-------++-------
Melee: Whip              |     8 |     4 ||    12
 Cast: Necrotise         |    62 |    43 ||   105
       Vampiric Draining |       |     2 ||     2
  Use: Scroll            |     7 |       ||     7
       Potion            |       |     2 ||     2
Armor: Robe              |     4 |       ||     4
       Leather armour    |       |     7 ||     7
Dodge: Dodged            |    17 |    19 ||    36

Table legend: (Time is in decaauts)
 A = Elapsed time spent in this place.
 B = Non-inter-level travel time spent in this place.
 C = Inter-level travel time spent in this place.
 D = Time resting spent in this place.
 E = Time spent auto-exploring this place.
 F = Levels seen in this place.
 G = Mean time per level.
                   A        B        C        D        E       F      G
               +--------+--------+--------+--------+--------+-----+--------+
         Total |   2567 |   2444 |    123 |    389 |   1497 |   3 |  855.7 |
       Dungeon |   2567 |   2444 |    123 |    389 |   1497 |   3 |  855.7 |
               +--------+--------+--------+--------+--------+-----+--------+

Top non-repeatable levels by time:
     D:2: 1173 daAuts
     D:1: 1161 daAuts
     D:3: 232 daAuts
